 Dungeon Sprint DCSS version 0.27-a0-216-g1fbed8a51c (webtiles) character file.

Game seed: 8714921442964807009

387272 mhtbhm the Axe Maniac (level 21, -43/224 HPs)
             Began as a Minotaur Fighter on Feb 1, 2021.
             Was the Champion of Trog.
             Killed from afar by Lom Lobon (89 damage)
             ... with a great icy blast
             ... in the Dungeon (Sprint VII: "The Pits").
             The game lasted 00:46:42 (14501 turns).

mhtbhm the Axe Maniac (Minotaur Fighter)           Turns: 14501, Time: 00:46:43

Health: -43/224    AC: 54    Str: 30    XL:     21   Next: 68%
Magic:  18/18      EV: 22    Int: 12    God:    Trog [******]
Gold:   166        SH: 36    Dex: 14    Spells: 20/20 levels left

rFire    + . .     SeeInvis +   G - +7 broad axe "Sunid" {flame, rElec rN+++ Stlth-}
rCold    . . .     Faith    .   c - +8 tower shield
rNeg     + + +     Spirit   .   b - +14 gold dragon scales
rPois    +         Reflect  .   L - +2 hat {SInv}
rElec    +         Harm     .   V - +2 cloak {rCorr}
rCorr    +         Rampage  .   C - +2 pair of gloves {Str+3}
Will     +++++     Clarity  +   E - +1 pair of boots {Stlth+} Stlth ++........NoTele +
                                B - amulet of the Four Winds {rN+ Will+++ Clar}
HPRegen  0.47/turn              I - ring "Anuca" {rC- rN+++ Will+ Int+7 Dex-2 Slay+5}
MPRegen  0.16/turn              Z - ring of Miracles {+Fly rElec rPois rN+ Slay+2}

@: frozen, berserk cooldown, slowed, very slow
A: retaliatory headbutt, horns 2, agile 1, blurry vision 2, low mp 2, screaming
1, subdued magic 1
}: 3/3 runes: silver, golden, iron
a: Renounce Religion, Evoke Flight, Berserk, Trog's Hand, Brothers in Arms


You were in the Dungeon.
You worshipped Trog.
Trog was exalted by your worship.
You visited 1 branch You collected 166 gold pieces.

Inventory:

Hand Weapons
 n - the +10 eveningstar of Generosity {flame, Dex+3}
   (Trog gifted it to you in the Dungeon)

   It has been specially enchanted to burn those struck by it, causing extra
   injury to most foes and up to half again as much damage against particularly
   susceptible opponents.
   It affects your dexterity (+3).
 q - the +14 obsidian axe {vorpal, +Fly SInv *Curse}
   (You found it in the Dungeon)

   It inflicts extra damage upon your enemies.
   It lets you see invisible.
   It lets you fly.
   It curses itself when equipped.
 s - the +8 hand axe of Meubexok {vorpal, rF+ rN+ Dex+5}
   (Trog gifted it to you in the Dungeon)

   It inflicts extra damage upon your enemies.
   It affects your dexterity (+5).
   It protects you from fire.
   It protects you from negative energy.
 F - a +9 eudemon blade of holy wrath
 G - the +7 broad axe "Sunid" (weapon) {flame, rElec rN+++ Stlth-}
   (Trog gifted it to you in the Dungeon)

   It has been specially enchanted to burn those struck by it, causing extra
   injury to most foes and up to half again as much damage against particularly
   susceptible opponents.
   Big, fiery blades are also staple armaments of hydra-hunters.
   It insulates you from electricity.
   It renders you almost immune to negative energy.
   It makes you less stealthy.
 U - the +7 great sword of Ru {holy, Int+3}
   (You found it in the Dungeon)

   It has been blessed by the Shining One to cause great damage to the undead
   and demons.
   It affects your intelligence (+3).
Armour
 b - +14 gold dragon scales (worn)
 c - a +8 tower shield (worn)
 C - a +2 pair of gloves of strength (worn)
 E - a +1 pair of boots of stealth (worn)
 L - a +2 hat of see invisible (worn)
 V - a +2 cloak of preservation (worn)
Jewellery
 a - the ring "Acsaly" {rElec MP+9 Str+5 Int-3}
   (You found it in the Dungeon)

   [ring of magical power]

   It affects your strength (+5).
   It affects your intelligence (-3).
   It insulates you from electricity.
   It affects your magic capacity (+9).
 y - the ring of Duemm {Str+7 Int+6}
   (You took it off a frost giant in the Dungeon)

   [ring of intelligence]

   It affects your strength (+7).
   It affects your intelligence (+6).
 z - the ring of Kutilyoz {rC+ Str+6 Int+3 Stlth+}
   (You took it off a human in the Dungeon)

   [ring of strength]

   It affects your strength (+6).
   It affects your intelligence (+3).
   It protects you from cold.
   It makes you more stealthy.
 B - the amulet of the Four Winds (around neck) {rN+ Will+++ Clar}
   (You found it in the Dungeon)

   [amulet of nothing]

   It protects you from negative energy.
   It affects your willpower, your defense against some magical effects.
   It protects you against confusion.
 I - the ring "Anuca" (left hand) {rC- rN+++ Will+ Int+7 Dex-2 Slay+5}
   (You found it in the Dungeon)

   [ring of slaying]

   It affects your intelligence (+7).
   It affects your dexterity (-2).
   It affects your accuracy and damage with ranged weapons and melee attacks
   (+5).
   It makes you vulnerable to cold.
   It renders you almost immune to negative energy.
   It affects your willpower, your defense against some magical effects.
 K - the ring "Jycadaqa" {rElec rF- rCorr Str+9 Int-4}
   (You found it in the Dungeon)

   [ring of resist corrosion]

   It affects your strength (+9).
   It affects your intelligence (-4).
   It makes you vulnerable to fire.
   It insulates you from electricity.
   It provides partial protection from all sources of acid and corrosion.
 M - the amulet "Qerchiv" {Reflect rC+ SH+5}
   (You found it in the Dungeon)

   [amulet of reflection]

   It shields you and reflects attacks.
   It protects you from cold.
   It affects your SH (+5).
 N - the ring "Hyetublu" {rPois rC+ Str-2 Int+4 Slay+4}
   (You found it in the Dungeon)

   [ring of slaying]

   It affects your strength (-2).
   It affects your intelligence (+4).
   It affects your accuracy and damage with ranged weapons and melee attacks
   (+4).
   It protects you from cold.
   It protects you from poison.
 O - the ring "Uvvalyne" {rC+ Will+ Str+2 Dex+3}
   (You found it in the Dungeon)

   [ring of willpower]

   It affects your strength (+2).
   It affects your dexterity (+3).
   It protects you from cold.
   It affects your willpower, your defense against some magical effects.
 S - the ring "Qoessy" {rC+ rN+ Will++}
   (You found it in the Dungeon)

   [ring of positive energy]

   It protects you from cold.
   It protects you from negative energy.
   It affects your willpower, your defense against some magical effects.
 Z - the ring of Miracles (right hand) {+Fly rElec rPois rN+ Slay+2}
   (You found it in the Dungeon)

   [ring of positive energy]

   It affects your accuracy and damage with ranged weapons and melee attacks
   (+2).
   It insulates you from electricity.
   It protects you from poison.
   It protects you from negative energy.
   It lets you fly.
Wands
 l - a wand of mindburst (20)
 t - a wand of charming (9)
Scrolls
 j - 3 scrolls of blinking
 m - a scroll of summoning
 r - a scroll of fear
 v - 7 scrolls of fog
 w - 8 scrolls of identify
 D - 2 scrolls of enchant weapon
 Q - a scroll of remove curse
Potions
 d - 4 potions of might
 e - 8 potions of curing
 f - 20 potions of heal wounds
 g - 8 potions of haste
 h - 9 potions of magic
 i - 4 potions of berserk rage
 k - a potion of invisibility
 p - 5 potions of resistance
 x - 4 potions of mutation
 T - 2 potions of flight
Miscellaneous
 o - a box of beasts
 A - a tin of tremorstones (1/2)
 J - a phantom mirror
 P - a condenser vane (inert)


   Skills:
 O Level 27 Fighting
 - Level 4.4(17.8) Short Blades
 O Level 27 Long Blades
 O Level 27 Axes
 O Level 27 Maces & Flails
 + Level 13.6(22.0) Polearms
 - Level 4.5(20.4) Staves
 - Level 16.3(18.8) Slings
 - Level 4.1 Bows
 + Level 20.7 Crossbows
 - Level 15.1(17.5) Throwing
 O Level 27 Armour
 O Level 27 Dodging
 O Level 27 Stealth
 O Level 27 Shields
 - Level 4.1 Unarmed Combat
 - Level 3.7 Invocations
 O Level 27 Evocations


You had 20 spell levels left.
You didn't know any spells.
Your spell library was empty.

Dungeon Overview and Level Annotations

Branches:
Dungeon (1/1)

Altars:
Cheibriados
Dithmenos
Elyvilon
Fedhas
Gozag
Hepliaklqana
Makhleb
Nemelex Xobeh
Okawaru
Qazlal
Ru
Sif Muna
Trog
Vehumet
Wu Jian
Xom
Yredelemnul
Zin
The Shining One
Beogh
Jiyva
Lugonu

Annotations:
D Lom Lobon


Innate Abilities, Weirdness & Mutations

You reflexively headbutt those who attack you in melee.
You have a pair of horns on your head.
You are agile. (Dex +2)
Scrolls take you longer to read.
Your magical capacity is very low. (-20% MP)
You occasionally shout uncontrollably at your foes.
Your spells are a little easier to cast, but a little less powerful.


Message History

The blast of lightning engulfs you. You resist.
* * * LOW HITPOINT WARNING * * *
The blast of lightning engulfs Lom Lobon.
Lom Lobon completely resists.
The blast of lightning engulfs the ball lightning.
The ball lightning completely resists.
The great icy blast engulfs you!!!
* * * LOW HITPOINT WARNING * * *
You are encased in ice.
The great icy blast engulfs the ball lightning!!!
The ball lightning partially resists.
The ball lightning explodes!
The blast of lightning engulfs you but does no damage.
Lom Lobon is engulfed in blazing flames.
Unknown command.
You feel much better.
You are engulfed in freezing vapours.
You feel much better.
You are engulfed in freezing vapours.
Lom Lobon gestures at you.
Lom Lobon conjures a mighty blast of ice!
The great icy blast engulfs you!!!!
You die...

,**,.#...☼.§☼§.§.○§§##...........
,,*........○..§°..§.##...........
,,*..........°....○.#############
,,*,.......§.○.☼..☼.# ###### ###
,**,.#....)§°§....§.# #.'#.###.##
**,,,#....§.....§§..#####...)...#
*,,,,#........○§§§..##.###.###.##
,,,,*##...§)..§°&§.####'.#'#.##'.
,,,** ##..°.○§§°@.## #...#...#.)
,,** ##...§§§§.## ###.###.'##.
*** ####§°#### #.#)#.###.#. ##
#######☼'#### *#'.'##.###. .#
###...........### #...')..#..
.###........)......## ##.###.##'.
.##.........).......# ######'#.##
.##......=..[.......###...[[)##'.
.##.........).......##)..)[)=)#..


You could see Lom Lobon (gusty).

Vanquished Creatures
  Cerebov (D)
  Asmodeus (D)
  the Serpent of Hell (D)
  6 pandemonium lords (D)
  Mennas (D)
  Khufu (D)
  2 orbs of fire (D)
  4 ancient liches (D)
  4 royal mummies (D)
  Boris (D)
  A Killer Klown (D)
  Frederick (D)
  the Lernaean hydra (D)
  A curse toe (D)
  A golden dragon (D)
  Nikola (D)
  A profane servitor (D)
  A bone dragon (D)
  2 Tzitzimimeh (D)
  2 Ice Fiends (D)
  A Brimstone Fiend (D)
  4 liches (D)
  Rupert (D)
  6 Orb Guardians (D)
  20 titans (D)
  3 deep elf blademasters (D)
  A quicksilver dragon (D)
  2 deep elf master archers (D)
  An acid blob (D)
  A death cob (D)
  A sphinx (D)
  An Executioner (D)
  2 draconian monks (D)
  19 fire giants (D)
  2 shadow dragons (D)
  3 azure jellies (D)
  A storm dragon (D)
  A deep elf sorcerer (D)
  18 frost giants (D)
  3 nagarajas (D)
  A draconian knight (D)
  Louise (D)
  A balrug (D)
  A draconian scorcher (D)
  2 cacodemons (D)
  2 orc warlords (D)
  An angel (D)
  A ghost moth (D)
  A draconian stormcaller (D)
  A draconian annihilator (D)
  A spriggan defender (D)
  6 stone giants (D)
  2 war gargoyles (D)
  A green draconian (D)
  An apis (D)
  2 deep elf demonologists (D)
  2 vampire knights (D)
  A purple draconian (D)
  3 black draconians (D)
  3 yellow draconians (D)
  4 red draconians (D)
  A dire elephant (D)
  A lorocyproca (D)
  3 white draconians (D)
  3 death oozes (D)
  A green death (D)
  6 deep elf death magi (D)
  14 ettins (D)
  A yaktaur captain (D)
  A mummy priest (D)
  5 blizzard demons (D)
  A naga warrior (D)
  3 great orbs of eyes (D)
  A fire dragon (D)
  5 deep elf high priests (D)
  16 vault guards (D)
  A hydra (D)
  A boulder beetle (D)
  4 ice dragons (D)
  A hell beast (D)
  An alligator snapping turtle (D)
  2 anacondas (D)
  A merfolk aquamancer (D)
  A death knight (D)
  Erica (D)
  2 dancing weapons (D)
  A two-headed ogre (D)
  5 death yaks (D)
  13 hell knights (D)
  4 hell hogs (D)
  A vampire mage (D)
  4 spriggan berserkers (D)
  3 deep elf knights (D)
  3 shadow wraiths (D)
  3 fire crabs (D)
  3 skeletal warriors (D)
  A cherub (D)
  An unseen horror (D)
  A flayed ghost (D)
  8 orc knights (D)
  2 deep elf pyromancers (D)
  7 wizards (D)
  3 harpies (D)
  A wolf spider (D)
  14 necromancers (D)
  2 orc sorcerers (D)
  A moth of wrath (D)
  4 manticores (D)
  13 cyclopes (D)
  5 elephants (D)
  A black mamba (D)
  A torpor snail (shapeshifter) (D)
  A naga mage (D)
  2 smoke demons (D)
  A gargoyle (D)
  A hellion (D)
  A cane toad (D)
  2 orange demons (D)
  A komodo dragon (D)
  2 ice devils (D)
  A tormentor (D)
  2 yaktaurs (D)
  2 trolls (D)
  4 polar bears (D)
  A hornet (D)
  A wind drake (D)
  2 large abominations (D)
  5 blink frogs (D)
  4 water elementals (D)
  A vampire (D)
  A wyvern (D)
  A fire bat (D)
  A spriggan (D)
  3 redbacks (D)
  4 golden eyes (D)
  6 yaks (D)
  A chaos spawn (D)
  9 humans (D)
  A fire elemental (D)
  A basilisk (D)
  A neqoxec (D)
  2 wargs (D)
  An acid dragon (D)
  A water moccasin (D)
  2 floating eyes (D)
  4 orc warriors (D)
  An eye of draining (D)
  A sky beast (D)
  An ogre (D)
  A centaur (D)
  A necrophage (D)
  2 earth elementals (D)
  A scorpion (D)
  6 killer bees (D)
  2 crimson imps (D)
  2 gnoll shamans (D)
  4 orc priests (D)
  An iron imp (D)
  2 orc wizards (D)
  A hell rat (D)
  A mummy (D)
  An adder (D)
  11 gnolls (D)
  A white imp (D)
  An adder zombie (D)
  2 worms (D)
  2 leopard geckos (D)
  11 orcs (D)
  A bat skeleton (D)
  A hobgoblin (D)
  3 jackals (D)
  2 ball python simulacra (D)
  A ball python skeleton (D)
  2 bat simulacra (D)
  A giant cockroach simulacrum (D)
  A goblin (D)
  A kobold (D)
  A quokka simulacrum (D)
  A quokka zombie (D)
  A rat (D)
  12 ball lightnings (D)
502 creatures vanquished.

Vanquished Creatures (collateral kills)
  A royal mummy (D)
  Jory (D)
  A titan (D)
  An Executioner (D)
  A sphinx (D)
  A balrug (D)
  An orc warlord (D)
  A deep elf sorcerer (D)
  A draconian stormcaller (D)
  An emperor scorpion (D)
  A mummy priest (D)
  A naga warrior (D)
  2 vault guards (D)
  A death knight (D)
  A hell hog (D)
  2 skeletal warriors (D)
  A spriggan druid (D)
  3 orc knights (D)
  An eye of devastation (D)
  2 yaktaurs (D)
  An air elemental (D)
  A large abomination (D)
  A wyvern (D)
  A basilisk (D)
  A killer bee (D)
  An iron imp (D)
  A leopard gecko (D)
  An orc (D)
  A giant cockroach zombie (D)
34 creatures vanquished.

Vanquished Creatures (others)
  An Orb Guardian (D)
  A green draconian (D)
  A vault guard (D)
  A catoblepas (D)
  A hell hog (D)
  A hellion (D)
  Terence (D)
  A ball python skeleton (D)
  A quokka simulacrum (D)
  12 ball lightnings (D)
21 creatures vanquished.

Grand Total: 557 creatures vanquished

Notes
Turn   | Place    | Note
-------+----------+-------------------------------------------
     0 | D        | mhtbhm the Minotaur Fighter began the quest for the Orb.
     0 | D        | Reached XP level 1. HP: 19/19 MP: 0/0
    17 | D        | Found a bloodstained altar of Trog.
    17 | D        | Found a shimmering blue altar of Sif Muna.
    17 | D        | Found a viscous altar of Jiyva.
    17 | D        | Found a hazy altar of Hepliaklqana.
    17 | D        | Found an opulent altar of Gozag.
    18 | D        | Found a glowing golden altar of the Shining One.
    18 | D        | Found a glowing silver altar of Zin.
    18 | D        | Found a basalt altar of Yredelemnul.
    18 | D        | Found a shimmering altar of Xom.
    18 | D        | Found an ornate altar of the Wu Jian Council.
    18 | D        | Found a sacrificial altar of Ru.
    18 | D        | Found a stormy altar of Qazlal.
    18 | D        | Found an iron altar of Okawaru.
    18 | D        | Found a sparkling altar of Nemelex Xobeh.
    18 | D        | Found a burning altar of Makhleb.
    18 | D        | Found a blossoming altar of Fedhas.
    18 | D        | Found a white marble altar of Elyvilon.
    18 | D        | Found a shadowy altar of Dithmenos.
    18 | D        | Found a snail-covered altar of Cheibriados.
    20 | D        | Found a radiant altar of Vehumet.
    20 | D        | Found a corrupted altar of Lugonu.
    20 | D        | Found a roughly hewn altar of Beogh.
    22 | D        | Became a worshipper of Trog the Wrathful
   103 | D        | Reached * piety under Trog
   107 | D        | Reached XP level 2. HP: 27/28 MP: 1/1
   120 | D        | Reached ** piety under Trog
   124 | D        | Reached skill level 5 in Fighting
   124 | D        | Reached skill level 5 in Armour
   314 | D        | Noticed a crimson imp
   314 | D        | Noticed a water moccasin
   315 | D        | Noticed a fire bat
   315 | D        | Noticed a crimson imp
   325 | D        | Killed a crimson imp
   325 | D        | Reached *** piety under Trog
   325 | D        | Killed a water moccasin
   326 | D        | Reached skill level 1 in Dodging
   326 | D        | Reached XP level 3. HP: 29/39 MP: 2/2
   326 | D        | Reached XP level 4. HP: 35/47 MP: 3/3
   326 | D        | Reached XP level 5. HP: 39/52 MP: 4/4
   327 | D        | Killed a fire bat
   328 | D        | Reached XP level 6. HP: 44/62 MP: 5/5
   330 | D        | Reached **** piety under Trog
   548 | D        | Reached skill level 10 in Armour
   550 | D        | Noticed an acid dragon
   560 | D        | Killed an acid dragon
   702 | D        | Reached XP level 7. HP: 70/70 MP: 6/6
   705 | D        | Reached ***** piety under Trog
   818 | D        | Noticed an ice devil
   826 | D        | Killed an ice devil
   827 | D        | Reached skill level 10 in Axes
   829 | D        | Received a gift from Trog
   882 | D        | Got an ancient broad axe {god gift}
   883 | D        | Identified the +4 broad axe "Pojuvid" {vorpal, rF+} (Trog
                  | gifted it to you in the Dungeon)
  1120 | D        | Found the +14 obsidian axe {vorpal, +Fly SInv *Curse}
  1241 | D        | Noticed Erica
  1252 | D        | Killed Erica
  1252 | D        | Received a gift from Trog
  1253 | D        | Reached skill level 10 in Fighting
  1253 | D        | Reached skill level 1 in Stealth
  1253 | D        | Reached skill level 10 in Shields
  1253 | D        | Reached XP level 8. HP: 64/80 MP: 7/7
  1539 | D        | Noticed an elephant
  1539 | D        | Noticed a polar bear
  1544 | D        | Killed an elephant
  1550 | D        | Killed a polar bear
  1551 | D        | Reached XP level 9. HP: 66/86 MP: 8/8
  1632 | D        | Noticed a komodo dragon
  1632 | D        | Noticed a manticore
  1640 | D        | Killed a manticore
  1644 | D        | Killed a komodo dragon
  1792 | D        | Noticed a smoke demon
  1800 | D        | Killed a smoke demon
  1997 | D        | Noticed a deep elf pyromancer
  1997 | D        | Noticed Terence
  1997 | D        | Killed Terence
  2002 | D        | Killed a deep elf pyromancer
  2004 | D        | Killed a shadow wraith
  2004 | D        | Reached ****** piety under Trog
  2005 | D        | Reached skill level 15 in Axes
  2386 | D        | Noticed a black mamba
  2386 | D        | Noticed an orc sorcerer
  2387 | D        | Noticed a boulder beetle
  2387 | D        | Noticed an orc sorcerer
  2388 | D        | Noticed a shadow wraith
  2389 | D        | Noticed an orc knight
  2391 | D        | Reached XP level 10. HP: 97/97 MP: 9/9
  2391 | D        | Killed a black mamba
  2392 | D        | Reached skill level 5 in Dodging
  2392 | D        | Received a gift from Trog
  2393 | D        | Killed a boulder beetle
  2394 | D        | Reached skill level 15 in Armour
  2395 | D        | Killed an orc sorcerer
  2398 | D        | Killed a shadow wraith
  2401 | D        | Killed an orc sorcerer
  2401 | D        | Received a gift from Trog
  2403 | D        | Killed an orc knight
  2410 | D        | Received a gift from Trog
  2620 | D        | Paralysed by a floating eye for 3 turns
  2631 | D        | Noticed a cyclops
  2635 | D        | Noticed a wolf spider
  2637 | D        | Received a gift from Trog
  2638 | D        | Reached XP level 11. HP: 108/108 MP: 10/10
  2644 | D        | Killed a wolf spider
  2645 | D        | Received a gift from Trog
  2911 | D        | Noticed a harpy
  2912 | D        | Noticed a harpy
  2913 | D        | Noticed a harpy
  2917 | D        | Killed a harpy
  2919 | D        | Received a gift from Trog
  2921 | D        | Killed a harpy
  2925 | D        | Killed a harpy
  2933 | D        | Got a brightly glowing war axe {god gift}
  2934 | D        | Identified the +2 war axe of the Rat {vorpal, Dex+2} (Trog
                  | gifted it to you in the Dungeon)
  3053 | D        | Noticed a great orb of eyes
  3063 | D        | Killed a shadow wraith
  3064 | D        | Killed a great orb of eyes
  3064 | D        | Received a gift from Trog
  3065 | D        | Reached skill level 15 in Fighting
  3129 | D        | Noticed a deep elf pyromancer
  3142 | D        | Killed a deep elf pyromancer
  3278 | D        | Received a gift from Trog
  3548 | D        | Noticed a Tzitzimitl
  3561 | D        | Killed a Tzitzimitl
  3562 | D        | Reached skill level 15 in Shields
  3562 | D        | Reached XP level 12. HP: 64/122 MP: 11/11
  3818 | D        | Noticed Boris
  3838 | D        | Killed Boris
  4101 | D        | Noticed an Ice Fiend
  4107 | D        | Killed an Ice Fiend
  4107 | D        | Received a gift from Trog
  4110 | D        | Got an encrusted eveningstar {god gift}
  4142 | D        | Identified the +10 eveningstar of Generosity {flame, Dex+3}
                  | (Trog gifted it to you in the Dungeon)
  4144 | D        | Noticed a deep elf blademaster
  4147 | D        | Killed a deep elf blademaster
  4148 | D        | Reached skill level 1 in Maces & Flails
  4322 | D        | Noticed a vampire knight
  4322 | D        | Noticed a deep elf master archer
  4322 | D        | Noticed a catoblepas
  4332 | D        | Killed a vampire knight
  4344 | D        | Killed a deep elf master archer
  4345 | D        | Reached XP level 13. HP: 70/134 MP: 12/12
  4358 | D        | Received a gift from Trog
  4669 | D        | Killed a ghost moth
  4672 | D        | Received a gift from Trog
  4688 | D        | Received a gift from Trog
  4704 | D        | Received a gift from Trog
  4721 | D        | Received a gift from Trog
  4987 | D        | Got the +5 battleaxe of the Final Emperors {freeze, rF-
                  | Int+2 Dex+7}
  5111 | D        | Noticed an orc warlord
  5112 | D        | Noticed an orc warlord
  5120 | D        | Killed an orc warlord
  5123 | D        | Killed an orc warlord
  5124 | D        | Received a gift from Trog
  5129 | D        | Reached skill level 5 in Stealth
  5142 | D        | Received a gift from Trog
  5144 | D        | Noticed a deep elf sorcerer
  5148 | D        | Killed a deep elf sorcerer
  5148 | D        | Received a gift from Trog
  5527 | D        | Got a bloodstained hand axe {god gift}
  5642 | D        | Reached XP level 14. HP: 151/151 MP: 13/13
  5647 | D        | Received a gift from Trog
  5683 | D        | Found the +8 orange crystal plate armour {Archmagi, Int+3
                  | Clar}
  5692 | D        | Got the +14 plate armour of Suvousmo {Will+ Int+4}
  5965 | D        | Noticed a white draconian stormcaller
  5965 | D        | Noticed Hodoifoe the pandemonium lord
  5965 | D        | Noticed a titan
  5965 | D        | Noticed a frost giant
  5965 | D        | Noticed Nikola
  5973 | D        | Killed Nikola
  5983 | D        | Killed Hodoifoe the pandemonium lord
  5983 | D        | Received a gift from Trog
  5993 | D        | Killed a frost giant
  5994 | D        | Reached skill level 10 in Stealth
  6001 | D        | Killed a titan
  6001 | D        | Received a gift from Trog
  6023 | D        | Killed a white draconian stormcaller
  6171 | D        | Noticed an azure jelly
  6174 | D        | Killed an azure jelly
  6329 | D        | Noticed an orb of fire
  6337 | D        | Gained mutation: Scrolls take you a little longer to read.
                  | [an orb of fire]
  6347 | D        | Killed an orb of fire
  6773 | D        | Received a gift from Trog
  6774 | D        | Reached XP level 15. HP: 138/165 MP: 14/14
  7160 | D        | Identified the +8 hand axe of Meubexok {vorpal, rF+ rN+
                  | Dex+5} (Trog gifted it to you in the Dungeon)
  7211 | D        | Noticed an Executioner
  7214 | D        | Killed an Executioner
  7261 | D        | Noticed an ancient lich
  7270 | D        | Killed an ancient lich
  7270 | D        | Received a gift from Trog
  7509 | D        | Gained mutation: Scrolls take you longer to read. [a
                  | cacodemon]
  7517 | D        | Noticed an acid blob
  7521 | D        | Killed an acid blob
  7522 | D        | Reached skill level 27 in Axes
  7551 | D        | Noticed an ancient lich
  7557 | D        | Killed an ancient lich
  7580 | D        | Noticed a titan
  7583 | D        | Killed a titan
  7606 | D        | Noticed Emualargh the pandemonium lord
  7615 | D        | Noticed a profane servitor
  7620 | D        | Killed Emualargh the pandemonium lord
  7620 | D        | Received a gift from Trog
  7624 | D        | Noticed a Tzitzimitl
  7625 | D        | Gained mutation: Your spells are a little easier to cast,
                  | but a little less powerful. [mutagenic glow]
  7628 | D        | Killed a profane servitor
  7631 | D        | Killed a Tzitzimitl
  7637 | D        | Gained mutation: You are agile. (Dex +2) [mutagenic glow]
  7638 | D        | Noticed a titan
  7644 | D        | Gained mutation: Your magical capacity is low. (-10% MP)
                  | [mutagenic glow]
  7649 | D        | Killed a titan
  7653 | D        | Gained mutation: You occasionally shout uncontrollably at
                  | your foes. [mutagenic glow]
  7670 | D        | Gained mutation: Your magical capacity is very low. (-20%
                  | MP) [mutagenic glow]
  8206 | D        | Noticed a quicksilver dragon
  8206 | D        | Noticed Muec the pandemonium lord
  8218 | D        | Killed Muec the pandemonium lord
  8223 | D        | Killed a quicksilver dragon
  8227 | D        | Received a gift from Trog
  8228 | D        | Reached XP level 16. HP: 182/182 MP: 11/11
  8385 | D        | Noticed the 27-headed Lernaean hydra
  8393 | D        | Killed the 27-headed Lernaean hydra
  8494 | D        | Noticed Raeropp the pandemonium lord
  8495 | D        | Identified the +7 sceptre of Asmodeus
  8495 | D        | Noticed Asmodeus
  8519 | D        | Killed Asmodeus
  8520 | D        | Reached skill level 27 in Fighting
  8521 | D        | Killed Raeropp the pandemonium lord
  8802 | D        | Received a gift from Trog
  8816 | D        | Noticed a royal mummy
  8816 | D        | Noticed a Brimstone Fiend
  8818 | D        | Noticed a royal mummy
  8821 | D        | Killed a royal mummy
  8822 | D        | Reached skill level 10 in Dodging
  8822 | D        | Reached skill level 27 in Shields
  8830 | D        | Killed a Brimstone Fiend
  8830 | D        | Killed a royal mummy
  8831 | D        | Reached skill level 27 in Armour
  9264 | D        | Noticed a titan
  9268 | D        | Killed a titan
  9268 | D        | Received a gift from Trog
  9279 | D        | Noticed a shadow dragon
  9286 | D        | Killed a shadow dragon
  9286 | D        | Noticed a royal mummy
  9291 | D        | Noticed a royal mummy
  9297 | D        | Killed a royal mummy
  9298 | D        | Reached skill level 15 in Stealth
  9306 | D        | Killed a royal mummy
  9307 | D        | Reached skill level 15 in Dodging
  9307 | D        | Reached XP level 17. HP: 80/191 MP: 12/12
  9626 | D        | Noticed Xocymmogg the pandemonium lord
  9635 | D        | Killed Xocymmogg the pandemonium lord
  9756 | D        | Noticed an Ice Fiend
  9756 | D        | Noticed an orb of fire
  9765 | D        | Killed an orb of fire
  9777 | D        | Killed an Ice Fiend
  9976 | D        | Got the amulet "Urrydghybo" {Spirit rF- Str+4 Int+2 Slay+3}
  9980 | D        | Got the ring "Fotesy" {rN+ Stlth+}
  9984 | D        | Got the +2 pair of gloves of Recklessness {Stlth+}
  9987 | D        | Got an iron rune of Zot
  9989 | D        | Got the +2 pair of gloves of the Clam {Stlth+}
 10004 | D        | Got the amulet "Pyfihail" {Inacc rPois rF+ Will- Int+2}
 10011 | D        | Got the ring "Hyetublu" {rPois rC+ Str-2 Int+4 Slay+4}
 10013 | D        | Got the ring of Ubbiqo {Fire Will+ Int+6 Dex-2}
 10015 | D        | Got the ring "Mapn" {EV+4 Str+3}
 10017 | D        | Got the ring "Ciabun" {Dex+2 SInv}
 10019 | D        | Got the ring "Kososkeamp" {rF+ Str-4 Int+5}
 10062 | D        | Noticed the Serpent of Hell
 10075 | D        | Killed the Serpent of Hell
 10075 | D        | Received a gift from Trog
 10175 | D        | Noticed an ancient lich
 10183 | D        | Killed an ancient lich
 10184 | D        | Noticed Khufu
 10190 | D        | Killed Khufu
 10412 | D        | Received a gift from Trog
 10418 | D        | Noticed a lich
 10424 | D        | Received a gift from Trog
 10429 | D        | Received a gift from Trog
 10441 | D        | Killed a lich
 10444 | D        | Received a gift from Trog
 10674 | D        | Received a gift from Trog
 10769 | D        | Received a gift from Trog
 10961 | D        | Got the amulet "Buuclyki" {Faith Dex+4}
 10963 | D        | Got the amulet of Manuel {RegenMP rF- Int+5}
 10965 | D        | Got the ring of Tusmad {Dex+3 SInv}
 10967 | D        | Got the ring of Obsession {Ice Will+ Int+2 Stlth-}
 10970 | D        | Got the amulet "Omopinyast" {Regen+ Dex+5}
 10972 | D        | Got the ring "Anuca" {rC- rN+++ Will+ Int+7 Dex-2 Slay+5}
 10974 | D        | Got the ring "Jycadaqa" {rElec rF- rCorr Str+9 Int-4}
 10976 | D        | Got the ring of Xitwoot {rElec rPois Str-4 Int-3 SInv}
 10979 | D        | Got the amulet "Amax" {Faith Str+3}
 10981 | D        | Got the amulet of Ysmihaa {Inacc *Drain Str-4 SInv Stlth+}
 10984 | D        | Got the amulet of Xuwkemp {RegenMP +Fly rF+}
 10986 | D        | Got the amulet of Suir {Faith Str+5}
 10989 | D        | Got the amulet of the Ant {Faith Stlth+}
 10991 | D        | Got the ring "Facliw" {*Slow rPois Str+4 Dex+5 Slay+4}
 11017 | D        | Got the ring of Yshuatu {rElec rF+ Will+ Int-5}
 11019 | D        | Got the ring "Doet" {*Slow Int+3 SInv Stlth+}
 11021 | D        | Got the ring "Vootid" {AC+6 Int+7}
 11023 | D        | Got the ring "Lafiublext" {Ice Will+ Dex+3 SInv}
 11025 | D        | Got the ring "Dunwiap" {Fire rElec Int+2}
 11028 | D        | Got the ring of Modesty {*Slow rF+ Slay+5}
 11030 | D        | Got the ring of Heresy {Wiz rC+ Int+4}
 11033 | D        | Got the ring "Qoessy" {rC+ rN+ Will++}
 11035 | D        | Got the ring "Juocuy" {Int+2 Dex+6}
 11037 | D        | Got the ring of Umoatz {rF+ Will+}
 11039 | D        | Got the ring "Nalios" {rElec rF+ rN+ Str-5 Stlth+}
 11041 | D        | Got the ring of Siudyhig {rPois rF- Str+2 Dex+5}
 11044 | D        | Got the ring of Untruth {+Blink EV+6 Dex+5}
 11046 | D        | Got the ring of Miracles {+Fly rElec rPois rN+ Slay+2}
 11235 | D        | Reached XP level 18. HP: 186/200 MP: 4/13
 11241 | D        | Received a gift from Trog
 11367 | D        | Received a gift from Trog
 11372 | D        | Noticed an ancient lich
 11388 | D        | Killed an ancient lich
 11388 | D        | Received a gift from Trog
 11393 | D        | Got an iridescent hand axe {god gift}
 11425 | D        | Noticed a lich
 11426 | D        | Noticed a lich
 11479 | D        | Noticed a curse toe
 11482 | D        | Killed a lich
 11486 | D        | Killed a curse toe
 11491 | D        | Received a gift from Trog
 11493 | D        | Noticed Frederick
 11505 | D        | Killed Frederick
 11505 | D        | Received a gift from Trog
 11509 | D        | Noticed Jory
 11516 | D        | Killed a lich
 11516 | D        | Received a gift from Trog
 11518 | D        | Reached skill level 27 in Stealth
 11522 | D        | Received a gift from Trog
 11523 | D        | Reached skill level 27 in Dodging
 11525 | D        | Reached skill level 1 in Short Blades
 11525 | D        | Reached skill level 1 in Long Blades
 11525 | D        | Reached skill level 1 in Polearms
 11525 | D        | Reached skill level 1 in Staves
 11525 | D        | Reached skill level 1 in Slings
 11525 | D        | Reached skill level 1 in Bows
 11525 | D        | Reached skill level 1 in Crossbows
 11525 | D        | Reached skill level 1 in Throwing
 11525 | D        | Reached skill level 1 in Unarmed Combat
 11525 | D        | Reached skill level 1 in Invocations
 11527 | D        | Killed Jory
 11528 | D        | Reached skill level 1 in Evocations
 11743 | D        | Noticed a royal mummy
 11755 | D        | Received a gift from Trog
 11757 | D        | Reached skill level 5 in Maces & Flails
 11760 | D        | Killed a royal mummy
 11946 | D        | Reached skill level 5 in Slings
 11990 | D        | Got the ring of Imuexyh {*Slow rPois Str+3 Dex-4 SInv}
 11992 | D        | Got the ring "Oxadubb" {Wiz rF+ MP+9 Str+4}
 11994 | D        | Got the amulet "Qerchiv" {Reflect rC+ SH+5}
 11996 | D        | Got the ring "Uvvalyne" {rC+ Will+ Str+2 Dex+3}
 11998 | D        | Got the ring "Keezia Noma" {rC- rN+ Will+ Int+3 Dex+3}
 12000 | D        | Got the amulet "Uceoll" {RegenMP +Fly Will+ Stlth+}
 12002 | D        | Got the ring "Cauqeaco" {rElec Will- Str+6 Dex+3 Stlth+}
 12004 | D        | Got the amulet "Caxuoch" {Acrobat rElec rF- Int+3 Dex+5}
 12029 | D        | Got the +7 great sword of Ru {holy, Int+3}
 12152 | D        | Identified the +8 hand axe of the Evening {flame, rF+ rC++
                  | SInv} (Trog gifted it to you in the Dungeon)
 12197 | D        | Received a gift from Trog
 12209 | D        | Reached skill level 5 in Throwing
 12217 | D        | Reached skill level 5 in Evocations
 12443 | D        | Received a gift from Trog
 12455 | D        | Reached skill level 10 in Crossbows
 12457 | D        | Reached XP level 19. HP: 207/207 MP: 16/16
 12464 | D        | Received a gift from Trog
 12472 | D        | Reached skill level 10 in Maces & Flails
 12478 | D        | Received a gift from Trog
 12496 | D        | Received a gift from Trog
 12497 | D        | Reached skill level 10 in Slings
 12514 | D        | Received a gift from Trog
 12515 | D        | Reached skill level 10 in Throwing
 12531 | D        | Received a gift from Trog
 12548 | D        | Reached skill level 10 in Evocations
 12733 | D        | Reached skill level 15 in Crossbows
 12734 | D        | Received a gift from Trog
 12740 | D        | Noticed a golden dragon
 12754 | D        | Received a gift from Trog
 12755 | D        | Killed a golden dragon
 13113 | D        | Noticed Rupert
 13114 | D        | Found the amulet of the Four Winds {rN+ Will+++ Clar}
 13117 | D        | Identified the ring of Kutilyoz {rC+ Str+6 Int+3 Stlth+}
 13122 | D        | Reached skill level 15 in Maces & Flails
 13122 | D        | Received a gift from Trog
 13128 | D        | Killed Rupert
 13128 | D        | Received a gift from Trog
 13140 | D        | Received a gift from Trog
 13147 | D        | Received a gift from Trog
 13148 | D        | Reached skill level 15 in Slings
 13149 | D        | Received a gift from Trog
 13155 | D        | Received a gift from Trog
 13157 | D        | Received a gift from Trog
 13166 | D        | Received a gift from Trog
 13168 | D        | Received a gift from Trog
 13170 | D        | Received a gift from Trog
 13171 | D        | Reached skill level 15 in Throwing
 13195 | D        | Received a gift from Trog
 13248 | D        | Got a silver rune of Zot
 13260 | D        | Got a masterwork broad axe {god gift}
 13261 | D        | Identified the +7 broad axe "Sunid" {flame, rElec rN+++
                  | Stlth-} (Trog gifted it to you in the Dungeon)
 13292 | D        | Got the ring "Acsaly" {rElec MP+9 Str+5 Int-3}
 13601 | D        | Received a gift from Trog
 13602 | D        | Reached skill level 15 in Evocations
 13602 | D        | Received a gift from Trog
 13603 | D        | Reached XP level 20. HP: 203/216 MP: 17/17
 13603 | D        | Received a gift from Trog
 13603 | D        | Received a gift from Trog
 13604 | D        | Received a gift from Trog
 13605 | D        | Received a gift from Trog
 13607 | D        | Identified the ring "Vanethri" {*Slow rElec rPois Dex+6}
 13608 | D        | Received a gift from Trog
 13608 | D        | Received a gift from Trog
 13610 | D        | Received a gift from Trog
 13610 | D        | Received a gift from Trog
 13615 | D        | Identified the ring of Duemm {Str+7 Int+6}
 13619 | D        | Reached skill level 27 in Evocations
 13622 | D        | Received a gift from Trog
 13625 | D        | Reached skill level 10 in Long Blades
 13630 | D        | Received a gift from Trog
 13639 | D        | Received a gift from Trog
 13641 | D        | Received a gift from Trog
 13642 | D        | Reached skill level 15 in Long Blades
 13645 | D        | Received a gift from Trog
 13652 | D        | Reached XP level 21. HP: 161/224 MP: 18/18
 13659 | D        | Got the ring of Qamo {SInv Stlth+}
 13710 | D        | Got a golden rune of Zot
 13955 | D        | Received a gift from Trog
 13977 | D        | Received a gift from Trog
 13986 | D        | Noticed a Killer Klown
 13990 | D        | Noticed Mennas
 14012 | D        | Killed a Killer Klown
 14022 | D        | Killed Mennas
 14117 | D        | Received a gift from Trog
 14176 | D        | Noticed Louise
 14176 | D        | Identified the +6 sword of Cerebov {flame}
 14176 | D        | Noticed Cerebov
 14198 | D        | Reached skill level 27 in Maces & Flails
 14214 | D        | Received a gift from Trog
 14233 | D        | Killed Cerebov
 14234 | D        | Reached skill level 27 in Long Blades
 14240 | D        | Received a gift from Trog
 14241 | D        | Reached skill level 10 in Polearms
 14242 | D        | Noticed Osmidgho the pandemonium lord
 14257 | D        | Killed Osmidgho the pandemonium lord
 14462 | D        | Noticed Lom Lobon
 14466 | D        | Killed Louise
 14466 | D        | Received a gift from Trog
 14499 | D        | HP: 6/224 [Lom Lobon/great icy blast (40)]
 14501 | D        | Killed from afar by Lom Lobon

Illustrated notes

Levels and vault maps discovered:
D:        pitsprint [storerooms_1, entrance_room_1, metal_vault_6, armoury_2,
          mini_pit_1, grid_room_1, main_hall_1, silver_pit, the_coven_1,
          the_vestibule_1, steel_vault_5, golden_pit, hallway_of_sentries,
          crystal_vault_4, iron_vault_2, final_vault]

Skill      XL: |  1  2  3  4  5  6  7  8  9 10 11 12 13 14 15 16 17 18 19 20 21 |
---------------+----------------------------------------------------------------+-----
Fighting       | 4 7 8 9 10 11 13 16 18 21 23 26 27 | 27.0
Armour         | 4 8 9 10 12 13 14 15 17 18 20 23 27 | 27.0
Shields        | 4 6 7 8 10 11 12 13 15 16 18 20 23 27 | 27.0
Axes           | 6 7 9 12 13 15 17 20 22 24 26 27 | 27.0
Dodging        | 1 2 3 4 5 6 7 8 15 22 27 | 27.0
Stealth        | 1 2 3 6 11 12 15 23 27 | 27.0
Maces & Flails | 1 3 8 17 23 27 | 27.0
Short Blades   | 4 |  4.4
Long Blades    | 4 17 27 | 27.0
Polearms       | 4 13 | 13.6
Staves         | 4 |  4.5
Slings         | 7 16 | 16.3
Bows           | 4 |  4.1
Crossbows      | 10 18 20 | 20.7
Throwing       | 6 15 | 15.1
Unarmed Combat | 4 |  4.1
Invocations    | 3 |  3.7
Evocations     | 6 17 27 | 27.0

Action                   |  1- 3 |  4- 6 |  7- 9 | 10-12 | 13-15 | 16-18 | 19-21 || total
-------------------------+-------+-------+-------+-------+-------+-------+-------++-------
Melee: Hand axe          |    27 |    16 |    18 |       |       |       |       ||    61
       Headbutt          |     6 |     2 |    13 |    27 |    62 |   112 |   106 ||   328
       War axe           |     3 |       |       |       |       |       |       ||     3
       Broad axe         |       |       |    39 |   140 |   281 |   337 |   330 ||  1127
       Eveningstar       |       |       |       |     2 |       |       |       ||     2
Invok: Berserk           |     1 |     1 |     4 |     9 |    14 |    15 |     6 ||    50
       Brothers in Arms  |       |       |       |     2 |     4 |     2 |     2 ||    10
Evoke: Tin of tremorston |       |       |       |       |       |       |    15 ||    15
       Condenser vane    |       |       |       |       |       |       |     3 ||     3
  Use: Potion            |       |     1 |     1 |     1 |    13 |     3 |     9 ||    28
       Scroll            |       |       |       |     1 |     1 |     1 |    12 ||    15
 Stab: Invisible         |       |       |       |       |     7 |       |       ||     7
       Distracted        |       |       |       |       |     2 |     1 |     2 ||     5
       Sleeping          |       |       |       |       |       |     2 |       ||     2
Armor: Scale mail        |     7 |       |       |       |       |       |       ||     7
       Chain mail        |     9 |     7 |    39 |    53 |    10 |       |       ||   118
       Plate armour      |       |       |       |       |    96 |   170 |       ||   266
       Gold dragon scale |       |       |       |       |       |     1 |   109 ||   110
Dodge: Dodged            |    12 |     2 |    19 |    31 |    67 |   145 |   100 ||   376
Block: Kite shield       |    16 |     9 |    47 |    63 |   135 |   205 |       ||   475
       Tower shield      |       |       |       |       |       |    39 |   430 ||   469
       Reflection        |       |       |       |       |       |     4 |     7 ||    11

Table legend: (Time is in decaauts) A = Elapsed time spent in this place. B = Non-inter-level travel time spent in this place. C = Inter-level travel time spent in this place. D = Time resting spent in this place. E = Time spent auto-exploring this place. F = Levels seen in this place. G = Mean time per level. A B C D E F G +--------+--------+--------+--------+--------+-----+--------+ Total | 14593 | 14579 | 14 | 9966 | 0 | 1 | 14593.0 | Dungeon | 14593 | 14579 | 14 | 9966 | 0 | 1 | 14593.0 | +--------+--------+--------+--------+--------+-----+--------+

Top non-repeatable levels by time:
       D: 14593 daAuts
